Rangers vs Capitals

Created - October 3, 2015 at 10:40

Simulating a Pre-Season

Goals
1 2 3 T
Rangers 0 1 0 1
Capitals 0 0 2 2
Shots
1 2 3 T
Rangers 12 10 6 28
Capitals 11 6 10 27

1st period

No Goal

Penalties :
Tyler Ennis (NYR) for Hooking (Minor) at 0:46, Mike Green (WSH) for High sticking (Minor) at 8:17, Curtis Lazar (WSH) for Hooking (Minor) at 12:46, Alex Goligoski (NYR) for Holding (Minor) at 12:46, Derek Dorsett (WSH) for Interference (Minor) at 14:57, Mathieu Perreault (WSH) for Diving (Minor) at 15:14

2nd period

1. Rangers , Cedric Paquette 2 (Kris Russell, Karl Alzner) at 15:07

Penalties :
Curtis Lazar (WSH) for Delaying the game (Minor) at 1:02, Alex Goligoski (NYR) for Interference (Minor) at 1:02, Mike Green (WSH) for Roughing (Minor) at 15:27, Zemgus Girgensons (NYR) for Slashing (Minor) at 15:27

3rd period

2. Capitals , Alexander Ovechkin 5 (Mathieu Perreault, Jay Harrison) at 7:11
3. Capitals , Alexander Ovechkin 6 (Mathieu Perreault, Ryan McDonagh) at 17:07

Penalties :
Craig Smith (NYR) for Hooking (Minor) at 11:18, Mathieu Perreault (WSH) for Boarding (Minor) at 13:49

Goalie Stats

Brian Elliott (NYR), 25 saves from 27 shots - (0.926), L, 3-3-2, 60:00 minutes
James Reimer (WSH), 27 saves from 28 shots - (0.964), W, 2-1-0, 60:00 minutes

Players Stats for Rangers

Player Name              G  A  P  +/- PIM S  H  SB GA TA FO     MP     PP MP  PK MP  
------------------------------------------------------------------------------------
Alex Goligoski           0  0  0  -2  4   2  7  0  0  0  0/0    23:41   2:53   1:38 
Anton Volchenkov         0  0  0   0  0   0  0  0  0  0  0/0    13:17   0:06   0:00 
Brad Richards            0  0  0   0  0   1  0  0  0  0  0/0     5:28   0:00   0:00 
Bryan Allen              0  0  0   0  0   0  0  0  0  0  0/0     0:00   0:00   0:00 
Cedric Paquette          1  0  1   1  0   3  0  1  0  0  4/11   15:32   0:06   1:40 
Chris Tanev              0  0  0  -2  0   2  1  0  0  0  0/0    24:50   3:21   2:20 
Craig Smith              0  0  0  -1  2   1  0  0  0  0  0/1    13:27   3:21   0:00 
David Jones              0  0  0   1  0   1  2  0  0  0  0/0    12:08   0:00   0:00 
Eric Brewer              0  0  0   0  0   0  0  0  0  0  0/0    17:10   3:21   0:00 
Jaromir Jagr             0  0  0  -1  0   1  0  0  0  0  1/3    21:39   2:53   0:00 
Karl Alzner              0  1  1   1  0   0  3  1  0  0  0/0    18:45   0:00   1:38 
Kris Russell             0  1  1   1  0   2  0  1  0  0  0/0    22:15   2:47   2:20 
Lance Bouma              0  0  0   1  0   1  0  0  0  0  1/1    13:48   0:00   1:40 
Mikael Backlund          0  0  0  -1  0   3  1  0  0  0  3/4    24:25   3:21   2:18 
Sean Couturier           0  0  0   0  0   1  0  0  0  0  8/11    7:06   0:00   2:18 
Tomas Tatar              0  0  0  -1  0   4  1  0  0  0  3/14   21:53   3:21   0:00 
Tyler Ennis              0  0  0  -1  2   0  0  0  0  0  0/0    12:59   2:53   0:00 
Zemgus Girgensons        0  0  0  -1  2   6  5  1  0  0  15/33  21:37   2:47   0:00 

Players Stats for Capitals

Player Name              G  A  P  +/- PIM S  H  SB GA TA FO     MP     PP MP  PK MP  
------------------------------------------------------------------------------------
Alexander Ovechkin       2  0  2   1  0   8  2  0  0  0  8/17   26:33   1:59   4:12 
Andrew Desjardins        0  0  0   0  0   1  0  0  0  0  0/0    14:50   0:00   1:58 
Bryce Salvador           0  0  0   0  0   0  0  1  0  0  0/0    20:15   0:56   3:03 
Calvin de Haan           0  0  0   0  0   0  2  0  0  0  0/0    20:15   0:56   3:03 
Cody Eakin               0  0  0   0  0   2  0  0  0  0  0/0    13:37   0:00   0:45 
Curtis Lazar             0  0  0   0  4   1  1  0  0  0  10/19  16:18   1:59   0:00 
Derek Dorsett            0  0  0   0  2   0  2  0  0  0  3/9    13:09   0:00   0:00 
Jay Harrison             0  1  1   1  0   0  1  1  0  0  0/0     4:30   0:00   0:09 
Jiri Tlusty              0  0  0   0  0   1  2  0  0  0  1/2    21:21   1:59   1:01 
Mathew Dumba             0  0  0   1  0   0  0  1  0  0  0/0     4:21   0:00   0:00 
Mathieu Perreault        0  2  2   1  4   3  1  0  0  0  18/24  20:16   1:59   1:40 
Matt Stajan              0  0  0   1  0   0  0  0  0  0  1/2     1:01   0:00   0:31 
Mike Green               0  0  0   0  4   3  2  1  0  0  0/0    22:29   3:02   1:45 
Morgan Rielly            0  0  0   0  0   0  2  0  0  0  0/0    11:10   0:00   0:00 
Nate Guenin              0  0  0   0  0   0  2  0  0  0  0/0    11:36   0:00   1:17 
Ryan McDonagh            0  1  1   0  0   2  1  0  0  0  0/0    25:22   3:02   3:11 
Taylor Hall              0  0  0   0  0   4  1  0  0  0  1/4    19:11   1:59   0:38 
Tomas Fleischmann        0  0  0   0  0   2  0  0  0  0  1/1    19:46   1:59   0:00 

3 Stars

1 - Alexander Ovechkin (WSH)
2 - James Reimer (WSH)
3 - Cedric Paquette (NYR)

Power Play

Rangers - 0 on 4 Attempt(s) - 0.00%
Capitals - 0 on 2 Attempt(s) - 0.00%

Penalty Kill

Rangers - 2 on 2 Attempt(s) - 100.00% - Score 0 goal in Penalty Kill
Capitals - 4 on 4 Attempt(s) - 100.00% - Score 0 goal in Penalty Kill

Team Stat

Rangers - Hits : 20 - Faceoff Wins : 35 - Blocked Shots : 4 - Penalty Minutes : 10
Capitals - Hits : 19 - Faceoff Wins : 43 - Blocked Shots : 4 - Penalty Minutes : 14

Official

Referees : Dave Jackson and Kevin Pollock
Linesman : Mike Cvik and Mark Shewchyk

Game Notes

No Game Note

% Time on Ice - Rangers

Lines # - Real PCT - Wanted PCT - Time Play
Normal Forward
1 - 38% - 40% - 16:30
2 - 23% - 30% - 10:07
3 - 11% - 20% - 4:48
4 - 28% - 10% - 12:08
Normal Defense
1 - 38% - 40% - 16:28
2 - 34% - 30% - 14:39
3 - 26% - 20% - 11:21
4 - 2% - 10% - 1:05
PP Forward
1 - 46% - 60% - 2:53
2 - 54% - 40% - 3:21
PP Defense
1 - 46% - 60% - 2:53
2 - 54% - 40% - 3:21
PK Forward
1 - 58% - 60% - 2:18
2 - 42% - 40% - 1:40
PK Defense
1 - 59% - 60% - 2:20
2 - 41% - 40% - 1:38
PK3 Forward
1 - 0% - 60%
2 - 0% - 40%
PK3 Defense
1 - 0% - 60%
2 - 0% - 40%
44 Forward
1 - 67% - 60% - 3:59
2 - 33% - 40% - 1:58
44 Defense
1 - 59% - 60% - 3:29
2 - 41% - 40% - 2:28
Last Minute Offensive  - 0:18
Last Minute Defensive  - 0:00
Total
Forward - 60:00
Defense - 60:00

% Time on Ice - Capitals

Lines # - Real PCT - Wanted PCT - Time Play
Normal Forward
1 - 36% - 40% - 15:50
2 - 33% - 30% - 14:21
3 - 30% - 20% - 12:52
4 - 1% - 10% - 0:30
Normal Defense
1 - 36% - 40% - 15:29
2 - 31% - 30% - 13:41
3 - 23% - 20% - 10:02
4 - 10% - 10% - 4:21
PP Forward
1 - 50% - 60% - 1:59
2 - 50% - 40% - 1:59
PP Defense
1 - 76% - 60% - 3:02
2 - 24% - 40% - 0:56
PK Forward
1 - 86% - 60% - 3:54
2 - 14% - 40% - 0:38
PK Defense
1 - 56% - 60% - 2:31
2 - 44% - 40% - 2:01
PK3 Forward
1 - 77% - 60% - 1:19
2 - 23% - 40% - 0:23
PK3 Defense
1 - 39% - 60% - 0:40
2 - 61% - 40% - 1:02
44 Forward
1 - 63% - 60% - 3:44
2 - 37% - 40% - 2:13
44 Defense
1 - 57% - 60% - 3:22
2 - 43% - 40% - 2:35
Last Minute Offensive  - 0:00
Last Minute Defensive  - 0:18
Total
Forward - 60:00
Defense - 60:00

Play by Play

1st period


0:01 of 1st period - Mathieu Perreault wins face-off versus Zemgus Girgensons in neutral zone.
0:08 of 1st period - Shot by Alexander Ovechkin.
0:08 of 1st period - Stopped by Brian Elliott without a rebound.
0:09 of 1st period - Curtis Lazar wins face-off versus Tomas Tatar in Rangers zone.
0:09 of 1st period - Tomas Fleischmann is hit by Karl Alzner and loses puck.
0:46 of 1st period - Minor Penalty to Tyler Ennis for Hooking.
0:47 of 1st period - Mathieu Perreault wins face-off versus Sean Couturier in Rangers zone.
1:11 of 1st period - Icing by Mathieu Perreault.
1:12 of 1st period - Sean Couturier wins face-off versus Mathieu Perreault in Capitals zone.
1:27 of 1st period - Shot by Alexander Ovechkin.
1:27 of 1st period - Shot Misses the Net.
1:29 of 1st period - Shot by Jiri Tlusty.
1:29 of 1st period - Shot Blocked by Kris Russell.
1:31 of 1st period - Shot by Ryan McDonagh.
1:31 of 1st period - Stopped by Brian Elliott with a rebound.
1:33 of 1st period - Shot by Alexander Ovechkin.
1:33 of 1st period - Shot Misses the Net.
1:35 of 1st period - Shot by Ryan McDonagh.
1:35 of 1st period - Stopped by Brian Elliott with a rebound.
1:37 of 1st period - Shot by Mike Green.
1:37 of 1st period - Stopped by Brian Elliott without a rebound.
1:38 of 1st period - Lance Bouma wins face-off versus Curtis Lazar in Rangers zone.
2:03 of 1st period - Shot by Taylor Hall.
2:03 of 1st period - Stopped by Brian Elliott without a rebound.
2:04 of 1st period - Sean Couturier wins face-off versus Mathieu Perreault in Rangers zone.
3:17 of 1st period - Shot by Cody Eakin.
3:17 of 1st period - Shot Misses the Net.
3:19 of 1st period - Shot by Andrew Desjardins.
3:19 of 1st period - Stopped by Brian Elliott without a rebound.
3:20 of 1st period - Zemgus Girgensons wins face-off versus Curtis Lazar in Rangers zone.
3:27 of 1st period - Shot by Taylor Hall.
3:27 of 1st period - Stopped by Brian Elliott with a rebound.
3:48 of 1st period - Icing by Taylor Hall.
3:49 of 1st period - Curtis Lazar wins face-off versus Sean Couturier in Capitals zone.
4:39 of 1st period - Icing by Ryan McDonagh.
4:40 of 1st period - Mathieu Perreault wins face-off versus Zemgus Girgensons in Capitals zone.
4:40 of 1st period - Mathieu Perreault is hit by Zemgus Girgensons.
5:11 of 1st period - Shot by Mathieu Perreault.
5:11 of 1st period - Shot Misses the Net.
5:26 of 1st period - Zemgus Girgensons is hit by Ryan McDonagh and loses puck.
5:54 of 1st period - Off-side.
5:55 of 1st period - Curtis Lazar wins face-off versus Tomas Tatar in neutral zone.
5:58 of 1st period - Shot by Tomas Fleischmann.
5:58 of 1st period - Stopped by Brian Elliott without a rebound.
5:59 of 1st period - Tomas Tatar wins face-off versus Derek Dorsett in Rangers zone.
5:59 of 1st period - Tomas Tatar is hit by Derek Dorsett.
6:05 of 1st period - Shot by Tyler Ennis.
6:05 of 1st period - Shot Blocked by Jay Harrison.
6:54 of 1st period - Shot by Mikael Backlund.
6:54 of 1st period - Stopped by James Reimer without a rebound.
6:55 of 1st period - Curtis Lazar wins face-off versus Zemgus Girgensons in Capitals zone.
7:03 of 1st period - Nate Guenin is hit by Alex Goligoski and loses puck.
7:16 of 1st period - Shot by Zemgus Girgensons.
7:16 of 1st period - Shot Misses the Net.
7:20 of 1st period - Shot by Alex Goligoski.
7:20 of 1st period - Stopped by James Reimer without a rebound.
7:21 of 1st period - Mathieu Perreault wins face-off versus Cedric Paquette in Capitals zone.
7:21 of 1st period - Mathieu Perreault is hit by David Jones.
7:31 of 1st period - Shot by Mathieu Perreault.
7:31 of 1st period - Stopped by Brian Elliott with a rebound.
7:51 of 1st period - Shot by Lance Bouma.
7:51 of 1st period - Stopped by James Reimer without a rebound.
7:52 of 1st period - Curtis Lazar wins face-off versus Zemgus Girgensons in Capitals zone.
7:54 of 1st period - Icing by Taylor Hall.
7:55 of 1st period - Zemgus Girgensons wins face-off versus Curtis Lazar in Capitals zone.
8:00 of 1st period - Shot by Mikael Backlund.
8:00 of 1st period - Shot Misses the Net.
8:02 of 1st period - Shot by Chris Tanev.
8:02 of 1st period - Stopped by James Reimer without a rebound.
8:03 of 1st period - Zemgus Girgensons wins face-off versus Mathieu Perreault in Capitals zone.
8:08 of 1st period - Shot by Zemgus Girgensons.
8:08 of 1st period - Stopped by James Reimer with a rebound.
8:17 of 1st period - Minor Penalty to Mike Green for High sticking.
8:18 of 1st period - Alexander Ovechkin wins face-off versus Zemgus Girgensons in Capitals zone.
8:29 of 1st period - Shot by Zemgus Girgensons.
8:29 of 1st period - Stopped by James Reimer with a rebound.
8:31 of 1st period - Shot by Kris Russell.
8:31 of 1st period - Stopped by James Reimer without a rebound.
8:32 of 1st period - Alexander Ovechkin wins face-off versus Tomas Tatar in Capitals zone.
9:49 of 1st period - Shot by Zemgus Girgensons.
9:49 of 1st period - Stopped by James Reimer without a rebound.
9:50 of 1st period - Jaromir Jagr wins face-off versus Taylor Hall in Capitals zone.
10:01 of 1st period - Shot by Kris Russell.
10:01 of 1st period - Stopped by James Reimer without a rebound.
10:02 of 1st period - Taylor Hall wins face-off versus Tomas Tatar in Capitals zone.
11:36 of 1st period - Shot by Taylor Hall.
11:36 of 1st period - Deflect By Tomas Fleischmann.
11:36 of 1st period - Stopped by Brian Elliott without a rebound.
11:37 of 1st period - Sean Couturier wins face-off versus Mathieu Perreault in Rangers zone.
12:00 of 1st period - Shot by Sean Couturier.
12:00 of 1st period - Shot Misses the Net.
12:02 of 1st period - Shot by Eric Brewer.
12:02 of 1st period - Shot Misses the Net.
12:05 of 1st period - Tomas Tatar is hit by Nate Guenin.
12:09 of 1st period - Shot by Sean Couturier.
12:09 of 1st period - Shot Misses the Net.
12:11 of 1st period - Shot by Anton Volchenkov.
12:11 of 1st period - Shot Misses the Net.
12:13 of 1st period - Shot by Sean Couturier.
12:13 of 1st period - Stopped by James Reimer without a rebound.
12:14 of 1st period - Curtis Lazar wins face-off versus Zemgus Girgensons in Capitals zone.
12:31 of 1st period - Shot by Tomas Fleischmann.
12:31 of 1st period - Shot Misses the Net.
12:43 of 1st period - Shot by Curtis Lazar.
12:43 of 1st period - Shot Misses the Net.
12:46 of 1st period - Minor Penalty to Curtis Lazar for Hooking.
12:46 of 1st period - Minor Penalty to Alex Goligoski for Holding.
12:47 of 1st period - Zemgus Girgensons wins face-off versus Alexander Ovechkin in Rangers zone.
13:15 of 1st period - Shot by Zemgus Girgensons.
13:15 of 1st period - Stopped by James Reimer with a rebound.
13:21 of 1st period - Shot by Tomas Tatar.
13:21 of 1st period - Shot Misses the Net.
14:41 of 1st period - Derek Dorsett is hit by Zemgus Girgensons and loses puck.
14:54 of 1st period - Shot by Derek Dorsett.
14:54 of 1st period - Deflect By Cody Eakin.
14:54 of 1st period - Shot Misses the Net.
14:57 of 1st period - Minor Penalty to Derek Dorsett for Interference.
14:58 of 1st period - Mathieu Perreault wins face-off versus Craig Smith in Capitals zone.
15:14 of 1st period - Minor Penalty to Mathieu Perreault for Diving.
15:15 of 1st period - Zemgus Girgensons wins face-off versus Alexander Ovechkin in Capitals zone.
16:25 of 1st period - Shot by Tomas Tatar.
16:25 of 1st period - Stopped by James Reimer without a rebound.
16:26 of 1st period - Tomas Tatar wins face-off versus Alexander Ovechkin in Capitals zone.
18:31 of 1st period - Off-side.
18:32 of 1st period - Mikael Backlund wins face-off versus Jiri Tlusty in neutral zone.
18:37 of 1st period - Icing by Ryan McDonagh.
18:38 of 1st period - Mathieu Perreault wins face-off versus Zemgus Girgensons in Capitals zone.
18:44 of 1st period - Icing by Ryan McDonagh.
18:45 of 1st period - Mathieu Perreault wins face-off versus Zemgus Girgensons in Capitals zone.
18:45 of 1st period - Mathieu Perreault is hit by Zemgus Girgensons.
19:02 of 1st period - Mathieu Perreault is hit by Alex Goligoski and loses puck.
19:15 of 1st period - Shot by Mathieu Perreault.
19:15 of 1st period - Shot Misses the Net.
19:17 of 1st period - Shot by Mathieu Perreault.
19:17 of 1st period - Shot Misses the Net.
19:19 of 1st period - Shot by Alexander Ovechkin.
19:19 of 1st period - Stopped by Brian Elliott without a rebound.
19:20 of 1st period - Curtis Lazar wins face-off versus Tomas Tatar in Rangers zone.
19:56 of 1st period - Tomas Tatar is hit by Calvin de Haan and loses puck.
Goals for this period are 0 for Rangers vs 0 for Capitals.
Shots for this period are 12 for Rangers vs 11 for Capitals.

2nd period


0:01 of 2nd period - Zemgus Girgensons wins face-off versus Alexander Ovechkin in neutral zone.
0:01 of 2nd period - Zemgus Girgensons is hit by Jiri Tlusty.
1:02 of 2nd period - Minor Penalty to Curtis Lazar for Delaying the game.
1:02 of 2nd period - Minor Penalty to Alex Goligoski for Interference.
1:03 of 2nd period - Tomas Fleischmann wins face-off versus Cedric Paquette in Rangers zone.
1:19 of 2nd period - Shot by Tomas Tatar.
1:19 of 2nd period - Stopped by James Reimer without a rebound.
1:20 of 2nd period - Zemgus Girgensons wins face-off versus Alexander Ovechkin in Capitals zone.
1:23 of 2nd period - Shot by Zemgus Girgensons.
1:23 of 2nd period - Shot Misses the Net.
1:37 of 2nd period - Shot by Alexander Ovechkin.
1:37 of 2nd period - Stopped by Brian Elliott without a rebound.
1:38 of 2nd period - Zemgus Girgensons wins face-off versus Alexander Ovechkin in Rangers zone.
1:53 of 2nd period - Shot by Alexander Ovechkin.
1:53 of 2nd period - Shot Misses the Net.
2:08 of 2nd period - Icing by Chris Tanev.
2:09 of 2nd period - Zemgus Girgensons wins face-off versus Taylor Hall in Rangers zone.
2:09 of 2nd period - Zemgus Girgensons is hit by Taylor Hall.
3:00 of 2nd period - Icing by Eric Brewer.
3:01 of 2nd period - Alexander Ovechkin wins face-off versus Jaromir Jagr in Rangers zone.
3:09 of 2nd period - Anton Volchenkov is hit by Morgan Rielly and loses puck.
3:16 of 2nd period - Shot by Lance Bouma.
3:16 of 2nd period - Shot Misses the Net.
3:20 of 2nd period - Shot by Cedric Paquette.
3:20 of 2nd period - Shot Misses the Net.
3:22 of 2nd period - Shot by Cedric Paquette.
3:22 of 2nd period - Shot Misses the Net.
3:51 of 2nd period - Icing by Anton Volchenkov.
3:52 of 2nd period - Cedric Paquette wins face-off versus Taylor Hall in Rangers zone.
4:32 of 2nd period - Icing by Chris Tanev.
4:33 of 2nd period - Mathieu Perreault wins face-off versus Tomas Tatar in Rangers zone.
4:38 of 2nd period - Shot by Mathieu Perreault.
4:38 of 2nd period - Stopped by Brian Elliott without a rebound.
4:39 of 2nd period - Mathieu Perreault wins face-off versus Zemgus Girgensons in Rangers zone.
4:56 of 2nd period - Shot by Alexander Ovechkin.
4:56 of 2nd period - Shot Misses the Net.
6:02 of 2nd period - Shot by Tyler Ennis.
6:02 of 2nd period - Shot Misses the Net.
6:04 of 2nd period - Shot by Craig Smith.
6:04 of 2nd period - Stopped by James Reimer without a rebound.
6:05 of 2nd period - Cedric Paquette wins face-off versus Derek Dorsett in Capitals zone.
6:21 of 2nd period - Shot by Cedric Paquette.
6:21 of 2nd period - Stopped by James Reimer with a rebound.
6:25 of 2nd period - Shot by David Jones.
6:25 of 2nd period - Stopped by James Reimer without a rebound.
6:26 of 2nd period - Sean Couturier wins face-off versus Curtis Lazar in Capitals zone.
7:01 of 2nd period - Shot by Tomas Fleischmann.
7:01 of 2nd period - Shot Misses the Net.
7:46 of 2nd period - Shot by Mikael Backlund.
7:46 of 2nd period - Stopped by James Reimer with a rebound.
9:09 of 2nd period - Shot by Tomas Tatar.
9:09 of 2nd period - Shot Misses the Net.
9:18 of 2nd period - Tyler Ennis is hit by Morgan Rielly and loses puck.
10:16 of 2nd period - Shot by Zemgus Girgensons.
10:16 of 2nd period - Stopped by James Reimer without a rebound.
10:17 of 2nd period - Cedric Paquette wins face-off versus Mathieu Perreault in Capitals zone.
10:17 of 2nd period - Cedric Paquette is hit by Mike Green.
10:44 of 2nd period - Shot by Mathieu Perreault.
10:44 of 2nd period - Shot Blocked by Cedric Paquette.
11:12 of 2nd period - Shot by Taylor Hall.
11:12 of 2nd period - Shot Misses the Net.
11:23 of 2nd period - Eric Brewer is hit by Jay Harrison and loses puck.
12:38 of 2nd period - Shot by Zemgus Girgensons.
12:38 of 2nd period - Shot Misses the Net.
12:42 of 2nd period - Shot by Zemgus Girgensons.
12:42 of 2nd period - Shot Misses the Net.
13:01 of 2nd period - Icing by Kris Russell.
13:02 of 2nd period - Mathieu Perreault wins face-off versus Tomas Tatar in Rangers zone.
13:20 of 2nd period - Shot by Mathieu Perreault.
13:20 of 2nd period - Shot Misses the Net.
13:38 of 2nd period - Shot by Mathieu Perreault.
13:38 of 2nd period - Shot Misses the Net.
13:40 of 2nd period - Shot by Mathieu Perreault.
13:40 of 2nd period - Deflect By Alexander Ovechkin.
13:40 of 2nd period - Shot Blocked by Karl Alzner.
13:55 of 2nd period - Off-side.
13:56 of 2nd period - Mikael Backlund wins face-off versus Curtis Lazar in neutral zone.
13:58 of 2nd period - Alex Goligoski is hit by Nate Guenin and loses puck.
14:37 of 2nd period - Shot by Mikael Backlund.
14:37 of 2nd period - Stopped by James Reimer without a rebound.
14:38 of 2nd period - Sean Couturier wins face-off versus Matt Stajan in Capitals zone.
14:45 of 2nd period - Shot by Sean Couturier.
14:45 of 2nd period - Shot Misses the Net.
14:47 of 2nd period - Shot by Brad Richards.
14:47 of 2nd period - Stopped by James Reimer without a rebound.
14:48 of 2nd period - Mathieu Perreault wins face-off versus Cedric Paquette in Capitals zone.
15:07 of 2nd period - Shot by Cedric Paquette.
15:07 of 2nd period - Goal by Cedric Paquette - Rangers : 1 - Capitals : 0.
15:08 of 2nd period - Zemgus Girgensons wins face-off versus Derek Dorsett in neutral zone.
15:11 of 2nd period - Bryce Salvador is hit by Zemgus Girgensons.
15:12 of 2nd period - Icing by Bryce Salvador.
15:13 of 2nd period - Zemgus Girgensons wins face-off versus Derek Dorsett in Capitals zone.
15:21 of 2nd period - Off-side.
15:22 of 2nd period - Zemgus Girgensons wins face-off versus Mathieu Perreault in neutral zone.
15:24 of 2nd period - Chris Tanev is hit by Mike Green.
15:27 of 2nd period - Minor Penalty to Mike Green for Roughing.
15:27 of 2nd period - Minor Penalty to Zemgus Girgensons for Slashing.
15:28 of 2nd period - Alexander Ovechkin wins face-off versus Cedric Paquette in Capitals zone.
15:40 of 2nd period - Shot by Alexander Ovechkin.
15:40 of 2nd period - Stopped by Brian Elliott without a rebound.
15:41 of 2nd period - Alexander Ovechkin wins face-off versus Cedric Paquette in Rangers zone.
16:44 of 2nd period - Alex Goligoski is hit by Calvin de Haan.
16:54 of 2nd period - Bryce Salvador is hit by Mikael Backlund and loses puck.
17:09 of 2nd period - Icing by Karl Alzner.
17:10 of 2nd period - Alexander Ovechkin wins face-off versus Jaromir Jagr in Rangers zone.
17:38 of 2nd period - Shot by Craig Smith.
17:38 of 2nd period - Shot Misses the Net.
17:40 of 2nd period - Shot by Anton Volchenkov.
17:40 of 2nd period - Shot Misses the Net.
17:56 of 2nd period - Shot by Brad Richards.
17:56 of 2nd period - Shot Blocked by Mathew Dumba.
18:16 of 2nd period - Off-side.
18:17 of 2nd period - Mathieu Perreault wins face-off versus Zemgus Girgensons in neutral zone.
18:20 of 2nd period - Mikael Backlund is hit by Mathieu Perreault and loses puck.
18:49 of 2nd period - Alexander Ovechkin is hit by Karl Alzner and loses puck.
19:09 of 2nd period - Icing by Kris Russell.
19:10 of 2nd period - Curtis Lazar wins face-off versus Zemgus Girgensons in Rangers zone.
19:11 of 2nd period - Shot by Taylor Hall.
19:11 of 2nd period - Stopped by Brian Elliott with a rebound.
19:13 of 2nd period - Shot by Mike Green.
19:13 of 2nd period - Stopped by Brian Elliott with a rebound.
19:15 of 2nd period - Shot by Ryan McDonagh.
19:15 of 2nd period - Shot Blocked by Zemgus Girgensons.
19:17 of 2nd period - Shot by Mike Green.
19:17 of 2nd period - Stopped by Brian Elliott without a rebound.
19:18 of 2nd period - Sean Couturier wins face-off versus Curtis Lazar in Rangers zone.
19:31 of 2nd period - Shot by Sean Couturier.
19:31 of 2nd period - Shot Misses the Net.
19:51 of 2nd period - Shot by Sean Couturier.
19:51 of 2nd period - Shot Blocked by Mike Green.
19:53 of 2nd period - Shot by Sean Couturier.
19:53 of 2nd period - Shot Misses the Net.
19:55 of 2nd period - Shot by Sean Couturier.
19:55 of 2nd period - Deflect By Tomas Tatar.
19:55 of 2nd period - Shot Misses the Net.
19:57 of 2nd period - Shot by Chris Tanev.
19:57 of 2nd period - Stopped by James Reimer without a rebound.
19:58 of 2nd period - Mathieu Perreault wins face-off versus Cedric Paquette in Capitals zone.
19:58 of 2nd period - Mathieu Perreault is hit by David Jones.
Goals for this period are 1 for Rangers vs 0 for Capitals.
Shots for this period are 10 for Rangers vs 6 for Capitals.

3rd period


0:01 of 3rd period - Mathieu Perreault wins face-off versus Zemgus Girgensons in neutral zone.
0:01 of 3rd period - Mathieu Perreault is hit by Zemgus Girgensons.
1:18 of 3rd period - Shot by Taylor Hall.
1:18 of 3rd period - Stopped by Brian Elliott without a rebound.
1:19 of 3rd period - Tomas Tatar wins face-off versus Derek Dorsett in Rangers zone.
1:27 of 3rd period - Derek Dorsett is hit by Karl Alzner and loses puck.
2:04 of 3rd period - Andrew Desjardins is hit by Tomas Tatar and loses puck.
2:31 of 3rd period - Eric Brewer is hit by Alexander Ovechkin.
3:22 of 3rd period - Icing by Bryce Salvador.
3:23 of 3rd period - Sean Couturier wins face-off versus Curtis Lazar in Capitals zone.
4:19 of 3rd period - Shot by Cody Eakin.
4:19 of 3rd period - Stopped by Brian Elliott with a rebound.
4:21 of 3rd period - Shot by Derek Dorsett.
4:21 of 3rd period - Shot Misses the Net.
5:03 of 3rd period - Anton Volchenkov is hit by Derek Dorsett and loses puck.
5:55 of 3rd period - Ryan McDonagh is hit by Alex Goligoski and loses puck.
6:08 of 3rd period - Shot by Jiri Tlusty.
6:08 of 3rd period - Shot Misses the Net.
6:10 of 3rd period - Shot by Jiri Tlusty.
6:10 of 3rd period - Stopped by Brian Elliott without a rebound.
6:11 of 3rd period - Curtis Lazar wins face-off versus Zemgus Girgensons in Rangers zone.
6:13 of 3rd period - Tomas Fleischmann is hit by Chris Tanev and loses puck.
6:21 of 3rd period - Taylor Hall is hit by Alex Goligoski and loses puck.
6:53 of 3rd period - Shot by Taylor Hall.
6:53 of 3rd period - Shot Misses the Net.
7:08 of 3rd period - Mathieu Perreault is hit by Alex Goligoski and loses puck.
7:11 of 3rd period - Shot by Alexander Ovechkin.
7:11 of 3rd period - Goal by Alexander Ovechkin - Rangers : 1 - Capitals : 1.
7:12 of 3rd period - Mathieu Perreault wins face-off versus Tomas Tatar in neutral zone.
7:18 of 3rd period - Icing by Tomas Tatar.
7:19 of 3rd period - Jiri Tlusty wins face-off versus Tomas Tatar in Rangers zone.
7:22 of 3rd period - Shot by Alexander Ovechkin.
7:22 of 3rd period - Shot Misses the Net.
7:42 of 3rd period - Karl Alzner is hit by Alexander Ovechkin and loses puck.
8:46 of 3rd period - Off-side.
8:47 of 3rd period - Derek Dorsett wins face-off versus Zemgus Girgensons in neutral zone.
8:57 of 3rd period - Icing by Chris Tanev.
8:58 of 3rd period - Derek Dorsett wins face-off versus Zemgus Girgensons in Rangers zone.
8:58 of 3rd period - Cody Eakin is hit by Alex Goligoski and loses puck.
10:09 of 3rd period - Shot by Curtis Lazar.
10:09 of 3rd period - Stopped by Brian Elliott without a rebound.
10:10 of 3rd period - Mathieu Perreault wins face-off versus Cedric Paquette in Rangers zone.
10:17 of 3rd period - Shot by Mathieu Perreault.
10:17 of 3rd period - Shot Misses the Net.
10:35 of 3rd period - Shot by Lance Bouma.
10:35 of 3rd period - Shot Blocked by Bryce Salvador.
11:17 of 3rd period - Shot by Tomas Tatar.
11:17 of 3rd period - Shot Misses the Net.
11:18 of 3rd period - Minor Penalty to Craig Smith for Hooking.
11:19 of 3rd period - Curtis Lazar wins face-off versus Sean Couturier in Rangers zone.
11:51 of 3rd period - Taylor Hall is hit by Alex Goligoski and loses puck.
12:20 of 3rd period - Shot by Mathieu Perreault.
12:20 of 3rd period - Stopped by Brian Elliott without a rebound.
12:21 of 3rd period - Sean Couturier wins face-off versus Curtis Lazar in Rangers zone.
13:25 of 3rd period - Shot by Tomas Tatar.
13:25 of 3rd period - Stopped by James Reimer without a rebound.
13:26 of 3rd period - Derek Dorsett wins face-off versus Tomas Tatar in Capitals zone.
13:46 of 3rd period - Shot by Cody Eakin.
13:46 of 3rd period - Stopped by Brian Elliott without a rebound.
13:47 of 3rd period - Matt Stajan wins face-off versus Zemgus Girgensons in Rangers zone.
13:49 of 3rd period - Minor Penalty to Mathieu Perreault for Boarding.
13:50 of 3rd period - Zemgus Girgensons wins face-off versus Alexander Ovechkin in Capitals zone.
13:51 of 3rd period - Shot by Jaromir Jagr.
13:51 of 3rd period - Stopped by James Reimer with a rebound.
13:53 of 3rd period - Shot by Alex Goligoski.
13:53 of 3rd period - Stopped by James Reimer without a rebound.
13:54 of 3rd period - Zemgus Girgensons wins face-off versus Alexander Ovechkin in Capitals zone.
14:15 of 3rd period - Shot by Zemgus Girgensons.
14:15 of 3rd period - Stopped by James Reimer without a rebound.
14:16 of 3rd period - Alexander Ovechkin wins face-off versus Mikael Backlund in Capitals zone.
14:24 of 3rd period - Icing by Mikael Backlund.
14:25 of 3rd period - Mikael Backlund wins face-off versus Alexander Ovechkin in Rangers zone.
14:46 of 3rd period - Shot by Tomas Tatar.
14:46 of 3rd period - Shot Misses the Net.
14:58 of 3rd period - Shot by Tomas Tatar.
14:58 of 3rd period - Stopped by James Reimer with a rebound.
15:20 of 3rd period - Shot by Cody Eakin.
15:20 of 3rd period - Shot Misses the Net.
15:33 of 3rd period - Icing by Kris Russell.
15:34 of 3rd period - Alexander Ovechkin wins face-off versus Zemgus Girgensons in Rangers zone.
16:16 of 3rd period - Shot by David Jones.
16:16 of 3rd period - Shot Misses the Net.
17:05 of 3rd period - Shot by Mathieu Perreault.
17:05 of 3rd period - Shot Misses the Net.
17:07 of 3rd period - Shot by Alexander Ovechkin.
17:07 of 3rd period - Goal by Alexander Ovechkin - Rangers : 1 - Capitals : 2.
17:08 of 3rd period - Zemgus Girgensons wins face-off versus Derek Dorsett in neutral zone.
18:32 of 3rd period - Shot by Alexander Ovechkin.
18:32 of 3rd period - Stopped by Brian Elliott without a rebound.
18:33 of 3rd period - Cedric Paquette wins face-off versus Curtis Lazar in Rangers zone.
18:33 of 3rd period - Cedric Paquette is hit by Curtis Lazar.
18:50 of 3rd period - Shot by David Jones.
18:50 of 3rd period - Shot Misses the Net.
18:52 of 3rd period - Shot by Kris Russell.
18:52 of 3rd period - Shot Misses the Net.
18:56 of 3rd period - Shot by Cedric Paquette.
18:56 of 3rd period - Stopped by James Reimer without a rebound.
18:57 of 3rd period - Mathieu Perreault wins face-off versus Zemgus Girgensons in Capitals zone.
19:41 of 3rd period - Shot by Alexander Ovechkin.
19:41 of 3rd period - Stopped by Brian Elliott without a rebound.
19:42 of 3rd period - Mathieu Perreault wins face-off versus Tomas Tatar in Rangers zone.
19:51 of 3rd period - Mikael Backlund is hit by Jiri Tlusty and loses puck.
Goals for this period are 0 for Rangers vs 2 for Capitals.
Shots for this period are 6 for Rangers vs 10 for Capitals.